 Dungeon Crawl Stone Soup version 0.30-a0-374-g95c0257040 (webtiles) character file.

Game seed: 13981749959377084638

351 KennySheep the Conjurer (level 6, -1/32 HPs)
             Began as a Deep Elf Conjurer on Nov 26, 2022.
             Slain by a gnoll
             ... wielding a +0 spear
              (2 damage)
             ... on level 4 of the Dungeon.
             The game lasted 00:04:38 (2856 turns).

KennySheep the Conjurer (Deep Elf Conjurer)         Turns: 2856, Time: 00:04:38

Health: -1/32      AC:  4    Str:  4    XL:     6   Next: 34%
Magic:  2/14       EV: 12    Int: 25    God:
Gold:   83         SH:  4    Dex: 13    Spells: 11/14 levels left

rFire   . . .      SeeInvis .    (no weapon)
rCold   . . .      Faith    .    j - +0 buckler
rNeg    . . .      Spirit   .    a - +0 robe
rPois   +          Reflect  .    k - +1 helmet
rElec   .          Harm     .    (no cloak)
rCorr   .          Rampage  .    (no gloves)
Will    .....                    (no boots)
Stlth   ++........               (no amulet)
HPRegen 0.25/turn                d - ring of poison resistance
MPRegen 0.14/turn                (no ring)

@: no status effects
A: no striking features
a: no special abilities


You were on level 4 of the Dungeon.
You visited 1 branch of the dungeon, and saw 4 of its levels.

You collected 153 gold pieces.
You spent 70 gold pieces at shops.

Inventory:

Missiles
 o - a throwing net
Armour
 a - a +0 robe (worn)
 j - a +0 buckler (worn)
 k - a +1 helmet (worn)
Magical Staves
 m - a staff of fire
Jewellery
 d - a ring of poison resistance (left hand)
Scrolls
 c - 5 scrolls of identify {unknown}
 g - a scroll of enchant armour {unknown}
 l - a scroll of fog {unknown}
 p - a scroll of noise {unknown}
Potions
 b - 2 potions of magic
 e - a potion of might {unknown}
 f - a potion of attraction {unknown}
 h - 2 potions of berserk rage {unknown}
 i - a potion of mutation {unknown}
 n - a potion of heal wounds
 q - a potion of lignification {unknown}
 r - a potion of haste {unknown}
 s - a potion of brilliance {unknown}


   Skills:
 - Level 2.4 Dodging
 - Level 2.4 Stealth
 + Level 1.6 Shields
 + Level 4.6 Spellcasting
 * Level 6.1 Conjurations
 * Level 3.9 Translocations


You had 11 spell levels left.
You knew the following spells:

 Your Spells              Type           Power      Damage    Failure   Level
a - Magic Dart            Conj           100%       1d8       1%          1
b - Searing Ray           Conj           72%        2d7       1%          2

Your spell library contained the following spells:

 Spells                   Type           Power      Damage    Failure   Level
 Dazzling Flash           Conj/Hex       42%        N/A       10%         3
 Iskenderun's Mystic Bla  Conj/Tloc      30%        2d8       14%         4
 Fulminant Prism          Conj/Hex       10%        3d8       32%         4


Dungeon Overview and Level Annotations

Branches:
Dungeon (4/15)
 Temple: D:4-7

Altars:

Shops:
D:3 !


Message History

The gnoll is lightly wounded.
A gnoll comes into view. It is wielding a +0 spear.
The magic dart hits the gnoll.
The gnoll is heavily wounded.
The magic dart hits the gnoll!
You kill the gnoll!
The magic dart hits the gnoll but does no damage.
The magic dart hits the gnoll.
The gnoll is lightly wounded.
The magic dart hits the gnoll.
The gnoll is lightly wounded.
The gnoll hits you with a +0 whip.
The magic dart hits the gnoll.
The gnoll is moderately wounded.
You block the gnoll's attack.
The magic dart hits the gnoll.
The gnoll is moderately wounded.
The gnoll hits you from afar with a +0 spear.
The gnoll barely misses you.
The magic dart hits the gnoll.
The gnoll is heavily wounded.
The gnoll barely misses you.
The gnoll hits you from afar with a +0 spear!
The magic dart hits the gnoll.
The gnoll is almost dead.
The gnoll hits you from afar with a +0 spear!
The gnoll hits you with a +0 whip.
* * * LOW HITPOINT WARNING * * *
The magic dart hits the gnoll.
You kill the gnoll!
The gnoll hits you from afar with a +0 spear.
* * * LOW HITPOINT WARNING * * *
The magic dart hits the gnoll.
The gnoll is moderately wounded.
The gnoll hits you from afar with a +0 spear.
* * * LOW HITPOINT WARNING * * *
The magic dart hits the gnoll.
The gnoll is moderately wounded.
The gnoll hits you from afar with a +0 spear.
You die...

#..........#.#[##..# .#
#......#...#.#.##..##.#
#.........)....##.....
#..........).#......#
#.......##...#..#...#
#.......##..)#....†.#
#.................#.#
#.......##..##..###.#
+.....)@........#
#.####
#######......#..#
#.#... #g.#......#
#.#... #..#.#.##.#
#..... #.)#...##.#
#..... #....## #.#
##.... #.... ... ......
#.... ....... ..#....


You could see a gnoll.

Vanquished Creatures
  A black bear (D:4)
  3 wights (D:4)
  2 gnolls (D:4)
  3 adders
  2 dart slugs
  4 orcs
  4 endoplasms
  A giant cockroach (D:1)
  5 goblins
  7 hobgoblins
  5 kobolds
  5 ball pythons
  2 bats (D:1)
  4 frilled lizards
  4 rats
52 creatures vanquished.

Notes
Turn   | Place    | Note
-------+----------+-------------------------------------------
     0 | D:1      | KennySheep the Deep Elf Conjurer began the quest for the
                  | Orb.
     0 | D:1      | Reached XP level 1. HP: 10/10 MP: 6/6
   240 | D:1      | Reached skill level 1 in Translocations
   240 | D:1      | Reached XP level 2. HP: 15/15 MP: 6/8
   246 | D:1      | Learned a level 2 spell: Searing Ray
  1026 | D:2      | Reached XP level 3. HP: 19/19 MP: 6/9
  1169 | D:2      | Reached skill level 5 in Conjurations
  1766 | D:3      | Found Xouhu's Distillery.
  1800 | D:3      | Bought a potion of heal wounds for 70 gold pieces
  2324 | D:3      | Reached XP level 4. HP: 24/24 MP: 6/11
  2471 | D:4      | Noticed a black bear
  2480 | D:4      | Killed a black bear
  2481 | D:4      | Reached skill level 1 in Shields
  2481 | D:4      | Reached XP level 5. HP: 16/28 MP: 1/13
  2722 | D:4      | Reached XP level 6. HP: 32/32 MP: 5/14
  2794 | D:4      | Reached skill level 6 in Conjurations
  2855 | D:4      | HP: 1/32 [gnoll/+0 spear (4)]
  2856 | D:4      | Slain by a gnoll

Illustrated notes

Levels and vault maps discovered:
D:1:      dpeg_arrival_prison, layout_basic, corner_web_ring,
          serial_park_tiny_2, minmay_bisected
D:2:      layout_basic
D:3:      layout_basic, serial_shops, nicolae_shop_advertising_works
          [nicolae_subvault_shop_adworks], nrook_mini_backslash, nrook_uturn
D:4:      layout_basic, minmay_temple_entry_crystal_x, serial_shops,
          shop_fountains

Skill      XL: |  1  2  3  4  5  6 |
---------------+-------------------+-----
Translocations | 1 2 3 |  3.9
Conjurations   | 5 6 |  6.1
Shields        | 1 |  1.6
Spellcasting   | 4 |  4.6
Dodging        | |  2.4
Stealth        | |  2.4

Action                   |  1- 3 |  4- 6 || total
-------------------------+-------+-------++-------
Melee: Unarmed           |       |     1 ||     1
 Cast: Magic Dart        |    78 |    56 ||   134
Armor: Robe              |     1 |     3 ||     4
Dodge: Dodged            |     2 |     7 ||     9
Block: Buckler           |       |     3 ||     3

Table legend: (Time is in decaauts)
 A = Elapsed time spent in this place.
 B = Non-inter-level travel time spent in this place.
 C = Inter-level travel time spent in this place.
 D = Time resting spent in this place.
 E = Time spent auto-exploring this place.
 F = Levels seen in this place.
 G = Mean time per level.
                   A        B        C        D        E       F      G
               +--------+--------+--------+--------+--------+-----+--------+
         Total |   2854 |   2744 |    110 |      0 |   2464 |   4 |  713.5 |
       Dungeon |   2854 |   2744 |    110 |      0 |   2464 |   4 |  713.5 |
               +--------+--------+--------+--------+--------+-----+--------+

Top non-repeatable levels by time:
     D:1: 896 daAuts
     D:2: 798 daAuts
     D:3: 740 daAuts
     D:4: 418 daAuts
